 Dungeon Crawl Stone Soup version 0.30-a0-292-g0f741e3f8e (webtiles) character file.

Game seed: 17936596599522480273

26353 Lanoc the Stormcaller (level 12, 0/103 HPs)
             Began as a Red Draconian Air Elementalist on Oct 18, 2022.
             Was a Priest of Ashenzari.
             Slain by a basilisk (7 damage)
             ... while petrified by a basilisk
             ... on level 5 of the Lair of Beasts.
             The game lasted 00:44:58 (17286 turns).

Lanoc the Stormcaller (DrAE)                       Turns: 17286, Time: 00:44:58

Health: 0/103      AC:  8    Str: 11    XL:     12   Next: 97%
Magic:  24/24      EV:  2    Int: 27    God:    Ashenzari [***...]
Gold:   1189       SH:  0    Dex: 17    Spells: 7/15 levels left

rFire   + + .      SeeInvis +    M - +10 spear "Gocas" {vorpal, rCorr MP+9 Dex+3}
rCold   . . .      Faith    .    y - +2 kite shield of Curses and Power {Alch, Elem} (curse)
rNeg    + + +      Spirit   .    (body armour unavailable)
rPois   ∞          Reflect  +    (helmet restricted)
rElec   .          Harm     .    (no cloak)
rCorr   +          Rampage  .    (no gloves)
Will    .....      Clarity  +    (no boots)
Stlth   ++........               k - amulet "Insecurity of Ashenzari" {Reflect SH+5, Comp, Range} (curse)
HPRegen 0.37/turn                j - ring of Panopticon {Contam rPois rF+ rCorr Dex+3, Fort, Elem} (curse)
MPRegen 0.19/turn                G - ring of Ashenzari's Suspicion {Int+6, Alch, Elem} (curse)

@: short of breath, petrified
A: breathe fire, AC +8, unfitting armour, fire resistance 1, cold-blooded
a: Breathe Fire, Renounce Religion, Shatter the Chains


You were on level 5 of the Lair of Beasts.
You worshipped Ashenzari.
Ashenzari was most pleased with you.
You visited 3 branches of the dungeon, and saw 16 of its levels.

You collected 1189 gold pieces.

Inventory:

Hand Weapons
 M - the +10 spear "Gocas" (weapon) {vorpal, rCorr MP+9 Dex+3}
   (You found it on level 2 of the Lair of Beasts)

   It inflicts extra damage upon your enemies.
   Dex:       It affects your dexterity (+3).
   MP:        It affects your magic capacity (+9).
   rCorr:     It protects you from acid and corrosion.
Missiles
 g - 5 atropa-tipped darts
 F - 2 throwing nets
 H - 3 curare-tipped darts
Armour
 y - the cursed +2 kite shield of Curses and Power (worn) {Alch, Elem}
   (You took it off a gnoll sergeant on level 7 of the Dungeon)

   It has a curse which improves the following skills: Alchemy: Poison Magic and
   Transmutations.
   Elements:  Fire Magic, Ice Magic, Air Magic and Earth Magic.
Jewellery
 j - the cursed ring of Panopticon (left hand) {Contam rPois rF+ rCorr Dex+3, Fort, Elem}
   (You found it on level 2 of the Dungeon)

   [ring of protection from fire]

   Dex:       It affects your dexterity (+3).
   rF:        It protects you from fire.
   rPois:     It protects you from poison.
   Contam:    It causes magical contamination when unequipped.
   rCorr:     It protects you from acid and corrosion.
   It has a curse which improves the following skills: Fortitude: Shields.
   Elements:  Fire Magic, Ice Magic, Air Magic and Earth Magic.
 k - the cursed amulet "Insecurity of Ashenzari" (around neck) {Reflect SH+5, Comp, Range}
   (You found it on level 5 of the Dungeon)

   [amulet of reflection]

   It reflects blocked missile attacks.
   SH:        It affects your SH (+5).
   It has a curse which improves the following skills: Companions: Summonings
   and Necromancy.
   Ranged Combat: Ranged Weapons and Throwing.
 D - a ring of protection from fire
 E - a ring of willpower
 G - the cursed ring of Ashenzari's Suspicion (right hand) {Int+6, Alch, Elem}
   (You found it on level 9 of the Dungeon)

   [ring of intelligence]

   Int:       It affects your intelligence (+6).
   It has a curse which improves the following skills: Alchemy: Poison Magic and
   Transmutations.
   Elements:  Fire Magic, Ice Magic, Air Magic and Earth Magic.
 K - a ring of poison resistance
 L - a +4 ring of evasion
 N - an amulet of guardian spirit
 P - an amulet of regeneration
 S - a +4 ring of evasion
Wands
 c - a wand of paralysis (33)
 h - a wand of acid (5)
 l - a wand of flame (24)
 p - a wand of polymorph (8)
Scrolls
 b - 15 scrolls of identify
 d - 5 scrolls of poison
 e - 6 scrolls of torment
 f - 6 scrolls of blinking
 i - a scroll of noise
 m - a scroll of enchant weapon
 n - 6 scrolls of immolation
 o - a scroll of magic mapping
 q - a scroll of amnesia
 t - 4 scrolls of fog
 u - 3 scrolls of teleportation
 v - a scroll of summoning
 B - 3 scrolls of fear
 Q - a scroll of brand weapon
Potions
 r - 2 potions of heal wounds
 s - 2 potions of mutation
 w - a potion of ambrosia
 x - 7 potions of lignification
 z - 4 potions of brilliance
 A - 4 potions of flight
 C - a potion of cancellation
 I - 2 potions of might
 J - a potion of invisibility
 O - a potion of curing
 R - a potion of magic
Miscellaneous
 a - a piece from Xom's chessboard (15/15)


   Skills:
 + Level 8.4 Fighting
 + Level 10.5 Dodging
 - Level 1.7 Stealth
 + Level 7.7(9.4) Shields
 - Level 2.0 Spellcasting
 - Level 1.0 Conjurations
 * Level 15.9(19.0) Air Magic


You had 7 spell levels left.
You knew the following spells:

 Your Spells              Type           Power      Damage    Failure   Level
a - Shock                 Conj/Air       100%       1d9       1%          1
b - Airstrike             Air            40%        2d(6-22)  1%          4
c - Vhi's Electric Charg  Tloc/Air       100%       N/A       1%          3

Your spell library contained the following spells:

 Spells                   Type           Power      Damage    Failure   Level
 Static Discharge         Conj/Air       100%       2-7/arc   1%          2
 Swiftness                Air            81%        N/A       1%          3
 Kindle Blastsparks       Fire/Tloc/Air  74%        2d16      4%          3
 Arcjolt                  Conj/Air       27%        1d37      10%         5
 Momentum Strike          Conj/Tloc      10%        3d8       26%         2
 Passwall                 Tmut/Erth      3%         N/A       28%         2
 Ensorcelled Hibernation  Hex/Ice        6%         N/A       30%         2
 Blink                    Tloc           4%         N/A       32%         2
 Freezing Cloud           Conj/Ice/Air   19%        6-21      36%         5
 Ignite Poison            Fire/Tmut/Pois 4%         N/A       50%         3
 Ozocubu's Armour         Ice            5%         N/A       50%         3
 Gell's Gravitas          Tloc           2%         N/A       54%         3
 Lesser Beckoning         Tloc           4%         N/A       54%         3
 Teleport Other           Tloc           2%         N/A       54%         3
 Summon Ice Beast         Ice/Summ       4%         N/A       89%         4
 Cause Fear               Hex            1%         N/A       91%         4
 Metabolic Englaciation   Hex/Ice        1%         N/A       99%         5
 Summon Mana Viper        Hex/Summ       3%         N/A       99%         5
 Simulacrum               Ice/Necr       2%         N/A       100%        6
 Dragon Form              Tmut           2%         N/A       100%        7
 Monstrous Menagerie      Summ           1%         N/A       100%        7
 Maxwell's Capacitive Co  Air            40%        ∞         52%         8
 Dragon's Call            Summ           1%         N/A       100%        9


Dungeon Overview and Level Annotations

Branches:
Dungeon (10/15)            Temple (1/1) D:5            Lair (5/5) D:10
 Shoals (0/4) Lair:2        Snake (0/4) Lair:3        Slime (0/5) Lair:5
    Orc (0/2) D:9

Altars:
Ashenzari
Elyvilon
Kikubaaqudgha
Makhleb
Okawaru
Qazlal
Ru
Sif Muna
Trog
Vehumet
Wu Jian
The Shining One
Jiyva

Shops:
D:4 (   D:7 =

Portals:
Abyss: D:4

Annotations:
D:4 2 transporters, ZodNigurash's ghost, novice DrFE
Lair:5 exclusion: 3 oklob plants


Innate Abilities, Weirdness & Mutations

You can breathe blasts of fire.
Your fiery red scales are hard. (AC +8)
You cannot fit into any form of body armour.
Your flesh is heat resistant. (rF+)
You are cold-blooded and may be slowed by cold attacks.


Message History

You turn to flesh and can move again.
Unknown command.
Unknown command.
The wyvern attacks as you move away! You block the wyvern's attack.
The basilisk gazes at you.
You are slowing down.
The wyvern barely misses you. The wyvern attacks as you move away!
The wyvern bites you! You block the wyvern's attack.
Your limbs are stiffening.
You block the wyvern's attack.
You have turned to stone.
The fire dragon roars deafeningly!
You hear an angry hiss.
The wyvern bites you! x2
The basilisk bites you! The wyvern bites you! The wyvern bites you.
The basilisk bites you!
The basilisk bites you but does no damage.
The wyvern bites you! The basilisk gazes at you. The wyvern bites you!
The wyvern bites you!
The basilisk bites you but does no damage.
The basilisk barely misses you. The wyvern bites you!
* * * LOW HITPOINT WARNING * * *
The basilisk bites you.
* * * LOW HITPOINT WARNING * * *
The basilisk bites you!
* * * LOW HITPOINT WARNING * * *
The basilisk completely misses you. The wyvern bites you.
* * * LOW HITPOINT WARNING * * *
The wyvern bites you.
* * * LOW HITPOINT WARNING * * *
The basilisk bites you!
* * * LOW HITPOINT WARNING * * *
The basilisk bites you but does no damage.
The basilisk bites you!
* * * LOW HITPOINT WARNING * * *
The wyvern barely misses you.
The basilisk bites you but does no damage.
The basilisk hisses menacingly.
The basilisk bites you!
You die...

.#..# #......## * .#..#
##......#≈#.. * ....####
##.......#§#..
...###.####........≈≈#. ,,
..#####††......##≈≈≈≈# ,, ,
.......#.........#≈≈≈##
.#..######.........§≈≈#####
....# **####...ll.#≈≈≈≈≈≈≈
...#....* ##..@l..≈≈≈≈≈≈§
#..##. .* #8#8.l#..###~
...P#.# #####8##..#, *
#..###### ###~≈l# ,
......#P##### * #... , ,
...PP....#..# ~ #...,
..####P.....# * ~* .....
### ##.P.P..# * .... #
#......## ~ 8 8#.. ,


You could see 3 basilisks and a wyvern.

Vanquished Creatures
  Josephine (Lair:3)
  A hydra (Lair:2)
  A death yak (Lair:5)
  7 black mambas
  6 elephants
  Joseph (D:7)
  5 cane toads
  A torpor snail (Lair:5)
  A gargoyle (D:10)
  Maggie (Lair:2)
  Psyche (D:8)
  6 komodo dragons
  3 trolls
  Grinder (D:3)
  A hornet (D:9)
  2 polar bears
  5 blink frogs (Lair:5)
  5 dream sheep (Lair:5)
  Sigmund (D:2)
  5 wyverns
  9 yaks
  3 wraiths (Lair:3)
  4 basilisks
  A steam dragon (Lair:5)
  5 nagas (Lair:3)
  9 water moccasins
  4 orc warriors
  A swamp drake (D:9)
  A black bear (D:5)
  2 ice beasts
  2 sky beasts (D:7)
  2 ogres
  7 centaurs
  27 wolves
  3 kobold brigands
  18 bullfrogs
  5 scorpions
  2 gnoll sergeants
  8 wights
  A necrophage (D:6)
  12 killer bees
  2 electric eels
  5 howler monkeys
  A hound (D:5)
  4 orc priests
  3 jellies
  A gnoll bouda (D:6)
  3 iguanas
  10 orc wizards
  Natasha (thrice) (D:2)
  Robin (D:3)
  12 gnolls
  7 adders
  A shadow imp (D:6)
  An ufetubus (D:6)
  2 worms (D:3)
  A dart slug (D:2)
  30 orcs
  5 bats
  9 endoplasms
  4 giant cockroaches
  17 goblins
  10 hobgoblins
  12 kobolds
  3 quokkas
  5 ball pythons
  3 frilled lizards
  4 rats
  A fire vortex (Lair:4)
341 creatures vanquished.

Vanquished Creatures (collateral kills)
  2 gnolls (D:6)
2 creatures vanquished.

Vanquished Creatures (others)
  43 fungi
  26 plants
69 creatures vanquished.

Grand Total: 412 creatures vanquished

Notes
Turn   | Place    | Note
-------+----------+-------------------------------------------
     0 | D:1      | Lanoc the Draconian Air Elementalist began the quest for
                  | the Orb.
     0 | D:1      | Reached XP level 1. HP: 14/14 MP: 3/3
   364 | D:1      | Reached XP level 2. HP: 20/20 MP: 3/5
   590 | D:2      | Noticed Sigmund
   652 | D:2      | Killed Sigmund
   653 | D:2      | Reached skill level 5 in Air Magic
   653 | D:2      | Reached XP level 3. HP: 18/26 MP: 0/6
   653 | D:2      | Reached XP level 4. HP: 22/33 MP: 0/7
   653 | D:2      | Reached XP level 5. HP: 26/38 MP: 0/8
   753 | D:2      | Learned a level 4 spell: Airstrike
  1012 | D:2      | Identified the ring of Xushrio {Contam rPois rF+ rCorr
                  | Dex+3}
  1024 | D:2      | Noticed Natasha
  1058 | D:2      | Killed Natasha
  1540 | D:2      | Noticed Natasha
  1556 | D:2      | Killed Natasha
  1647 | D:2      | Noticed Natasha
  1652 | D:2      | Killed Natasha
  1653 | D:2      | Reached XP level 6. HP: 41/45 MP: 5/9
  1982 | D:3      | Found a burning altar of Makhleb.
  1984 | D:3      | Found a broken altar of Ashenzari.
  1985 | D:3      | Found a sacrificial altar of Ru.
  2009 | D:3      | Noticed Grinder
  2032 | D:3      | Became a worshipper of Ashenzari the Shackled
  2055 | D:3      | Killed Grinder
  2056 | D:3      | Reached skill level 6 in Air Magic
  2066 | D:3      | Identified the +3 mace "Zaxzaargh" {flame, rPois rF- rCorr
                  | Int+7}
  2368 | D:3      | Found a faded altar of an unknown god.
  2472 | D:3      | Found a stormy altar of Qazlal.
  2472 | D:3      | Found a glowing golden altar of the Shining One.
  2472 | D:3      | Noticed Robin
  2481 | D:3      | Killed Robin
  2482 | D:3      | Your scales start taking on a fiery red colour.
  2482 | D:3      | Reached XP level 7. HP: 50/50 MP: 6/10
  2482 | D:3      | Gained mutation: Your flesh is heat resistant. (rF+) [Red
                  | Draconian growth]
  2983 | D:4      | Found a one-way gate to the infinite horrors of the Abyss.
  2983 | D:4      | Noticed ZodNigurash's ghost (novice DrFE)
  3046 | D:4      | Reached skill level 7 in Air Magic
  3181 | D:4      | Found Imubbum's Weapon Emporium.
  3443 | D:4      | Found a transporter.
  3459 | D:4      | Found a transporter.
  3637 | D:4      | Found an ornate altar of the Wu Jian Council.
  3735 | D:4      | Noticed a small abomination
  3837 | D:5      | Entered Level 5 of the Dungeon
  3901 | D:5      | Found an ancient bone altar of Kikubaaqudgha.
  4009 | D:5      | Reached skill level 5 in Dodging
  4009 | D:5      | Reached skill level 8 in Air Magic
  4116 | D:5      | Reached XP level 8. HP: 51/57 MP: 4/11
  4142 | D:5      | Reached * piety under Ashenzari
  4617 | D:5      | Found a staircase to the Ecumenical Temple.
  4624 | D:5      | Reached skill level 9 in Air Magic
  4633 | Temple   | Entered the Ecumenical Temple
  4674 | D:5      | Identified the +1 leather armour of Shadows and Fog {-Tele
                  | Str+6 Dex+4}
  4683 | D:5      | Reached ** piety under Ashenzari
  5434 | D:6      | Found an iron altar of Okawaru.
  5780 | D:6      | Reached skill level 10 in Air Magic
  5852 | D:6      | Reached *** piety under Ashenzari
  5905 | D:6      | Reached XP level 9. HP: 62/62 MP: 6/12
  6731 | D:7      | Found Xiziolok's Jewellery Shop.
  6965 | D:7      | Reached skill level 11 in Air Magic
  7050 | D:7      | Noticed Joseph
  7073 | D:7      | Killed Joseph
  7553 | D:7      | Reached skill level 12 in Air Magic
  7736 | D:7      | Found a shimmering blue altar of Sif Muna.
  7799 | D:8      | Noticed Psyche
  7920 | D:8      | Killed Psyche
  7921 | D:8      | Reached skill level 1 in Fighting
  7921 | D:8      | Reached skill level 1 in Shields
  7921 | D:8      | Reached XP level 10. HP: 70/71 MP: 13/13
  8035 | D:8      | Learned a level 3 spell: Vhi's Electric Charge
  8100 | D:8      | Found a bloodstained altar of Trog.
  8216 | D:8      | Identified the +2 ring mail of Weirdness {+Inv rC+}
  8901 | D:9      | Paralysed by a hornet for 2 turns
  9620 | D:9      | Found a staircase to the Orcish Mines.
 10106 | D:10     | Entered Level 10 of the Dungeon
 10192 | D:10     | Noticed a death yak
 10194 | D:10     | Noticed a death yak
 10251 | D:10     | Reached skill level 13 in Air Magic
 10318 | D:10     | Noticed a gargoyle
 10319 | D:10     | Killed a gargoyle
 10375 | D:10     | Found a staircase to the Lair.
 10377 | D:10     | Noticed a death yak
 10377 | D:10     | Noticed a death yak
 10377 | D:10     | Noticed a death yak
 10525 | Lair:1   | Entered Level 1 of the Lair of Beasts
 10574 | Lair:1   | Noticed a black mamba
 10576 | Lair:1   | Killed a black mamba
 10846 | Lair:1   | Reached XP level 11. HP: 85/85 MP: 9/14
 11815 | Lair:2   | Identified the +10 spear "Gocas" {vorpal, rCorr MP+9 Dex+3}
 11826 | Lair:2   | Reached skill level 5 in Fighting
 12005 | Lair:2   | Found a staircase to the Shoals.
 12348 | Lair:2   | Reached skill level 5 in Shields
 12494 | Lair:2   | Noticed a seven-headed hydra
 12495 | Lair:2   | Noticed Maggie
 12507 | Lair:2   | Killed a seven-headed hydra
 12508 | Lair:2   | Reached skill level 14 in Air Magic
 12616 | Lair:2   | Killed Maggie
 13603 | Lair:3   | Noticed Josephine
 13618 | Lair:3   | Killed Josephine
 13619 | Lair:3   | Reached XP level 12. HP: 80/97 MP: 14/15
 13908 | Lair:3   | Found a staircase to the Snake Pit.
 14839 | Lair:4   | Reached skill level 15 in Air Magic
 15157 | Lair:4   | Reached skill level 10 in Dodging
 15876 | Lair:5   | Entered Level 5 of the Lair of Beasts
 16433 | Lair:5   | Noticed a death yak
 16453 | Lair:5   | Killed a death yak
 16926 | Lair:5   | Found a viscous altar of Jiyva.
 16928 | Lair:5   | Found a staircase to the Slime Pits.
 17262 | Lair:5   | Noticed a fire dragon
 17286 | Lair:5   | Slain by a basilisk

Illustrated notes

Levels and vault maps discovered:
D:1:      heliophobic_arrival_henge, layout_rooms
D:2:      layout_rooms, serial_corexii_hall, corexii_hall_statues_l,
          chequers_hall_statues_wall_a, uniq_sigmund, uniq_natasha
D:3:      layout_rooms, mainiacjoe_overflow_divided_tiny,
          gammafunk_temple_overflow_claw, shapermc_ecumenical_altar_petra,
          uniq_grinder, uniq_robin
D:4:      layout_basic, lemuel_doored_altar, gammafunk_ghost_abyssal_escape,
          serial_shops, nicolae_shop_bloodbath_and_beyond
D:5:      layout_gridville, kiku_gazebo_garden_becter,
          minmay_temple_entry_statues_fountains
D:6:      layout_rooms, kennysheep_okawaru_gauntlet, serial_co_window_serial,
          co_window_paths_b, co_window_paths_a, co_window_of_opportunity_a,
          co_window_paths_a, co_window_corner_a, co_window_broadway_a,
          co_window_broadway_a, co_window_broadway_c, co_window_cross_4,
          glass_columns_a, glass_columns_a, glass_columns_a, glass_columns_a,
          minmay_misc_feat_columns, kennysheep_small_square
D:7:      layout_rooms, mainiacjoe_overflow_boulevard, serial_shops, shop,
          st_stairs_4, minivault_22, uniq_joseph
D:8:      layout_basic, lemuel_round_altar, uniq_psyche
D:9:      layout_roguey, erik_orc_1, kennysheep_flooded_box, kennysheep_dice
D:10:     layout_loops_ring, worldfamousw_hep_ancestral_shrine,
          old_standard_altar, mainiacjoe_overflow_alcove_4, dpeg_lair_monsters
Temple:   nicolae_temple_ecumenical_triangle
Lair:1:   layout_regular_city, dreamdust_mushroom_princess, lemuel_fruit_tree
Lair:2:   layout_gridlike, minmay_shoals_entry_centaurs, uniq_maggie
Lair:3:   layout_misc_corridors, minmay_snake_entry_guardpost_medium,
          serial_bayou_ford_a, serial_bayou_shore_a, uniq_josephine
Lair:4:   layout_gridlike
Lair:5:   cheibrodos_lair_end_hotspot, layout_layer_cave,
          minmay_slime_entry_oklob_enclosed

Skill      XL: |  1  2  3  4  5  6  7  8  9 10 11 12 |
---------------+-------------------------------------+-----
Dodging        | 2 3 4 5 6 7 8 9 10 | 10.5
Air Magic      | 5 6 8 10 12 13 14 15 | 15.9
Fighting       | 1 4 6 8 |  8.4
Shields        | 1 3 6 7 |  7.7
Stealth        | |  1.7
Spellcasting   | |  2.0
Conjurations   | |  1.0

Action                   |  1- 3 |  4- 6 |  7- 9 | 10-12 || total
-------------------------+-------+-------+-------+-------++-------
Melee: Unarmed           |    19 |    17 |       |       ||    36
       Punch             |     1 |       |       |       ||     1
       Tailslap          |       |     4 |     5 |    58 ||    67
       Mace              |       |     6 |    65 |   132 ||   203
       Spear             |       |       |       |   236 ||   236
 Cast: Shock             |    24 |   104 |   142 |    92 ||   362
       Airstrike         |       |     2 |    49 |   141 ||   192
       Vhi's Electric Ch |       |       |       |     2 ||     2
Invok: Curse Item        |       |       |     5 |     1 ||     6
       Shatter the Chain |       |       |       |     2 ||     2
 Abil: Breathe Fire      |       |       |    19 |    53 ||    72
Evoke: Wand              |       |     2 |       |       ||     2
  Use: Potion            |     2 |     1 |     4 |     2 ||     9
       Scroll            |       |       |     1 |     4 ||     5
 Stab: Sleeping          |       |       |     1 |     2 ||     3
Armor: Skin              |    15 |    13 |    72 |    90 ||   190
Dodge: Dodged            |    11 |    40 |    92 |   261 ||   404
Block: Other             |       |       |    16 |       ||    16
       Kite shield       |       |       |     1 |   547 ||   548
       Reflection        |       |       |       |    13 ||    13

Table legend: (Time is in decaauts)
 A = Elapsed time spent in this place.
 B = Non-inter-level travel time spent in this place.
 C = Inter-level travel time spent in this place.
 D = Time resting spent in this place.
 E = Time spent auto-exploring this place.
 F = Levels seen in this place.
 G = Mean time per level.
                   A        B        C        D        E       F      G
               +--------+--------+--------+--------+--------+-----+--------+
         Total |  17531 |  16885 |    646 |    134 |  14063 |  16 | 1095.7 |
       Dungeon |  10634 |  10238 |    396 |     58 |   8559 |  10 | 1063.4 |
        Temple |      1 |      1 |      0 |      0 |      0 |   1 |    1.0 |
          Lair |   6895 |   6645 |    250 |     76 |   5503 |   5 | 1379.0 |
               +--------+--------+--------+--------+--------+-----+--------+

Top non-repeatable levels by time:
     D:6: 1780 daAuts
     D:9: 1623 daAuts
  Lair:2: 1568 daAuts
  Lair:5: 1442 daAuts
  Lair:3: 1398 daAuts
  Lair:1: 1320 daAuts
     D:5: 1173 daAuts
  Lair:4: 1166 daAuts
     D:4: 1165 daAuts
     D:2: 1129 daAuts
     D:7: 1056 daAuts
     D:3: 988 daAuts
     D:8: 779 daAuts
     D:1: 590 daAuts
    D:10: 348 daAuts
